 Dungeon Crawl Stone Soup version 0.29-a0-284-gf9362112df (webtiles) character file.

Game seed: 8807292280969545395

190 siradein the Bolt Thrower (level 6, -4/36 HPs)
             Began as a Kobold Arcane Marksman on Mar 15, 2022.
             Slain by an orc
             ... wielding a +0 mace
              (6 damage)
             ... on level 3 of the Dungeon on Mar 16, 2022.
             The game lasted 00:08:05 (3154 turns).

siradein the Bolt Thrower (Kobold Arcane Marksman)  Turns: 3154, Time: 00:08:06

Health: -4/36      AC:  3    Str:  7    XL:     6   Next: 1%
Magic:  9/9        EV: 15    Int: 17    God:
Gold:   239        SH:  0    Dex: 15    Spells: 5/9 levels left

rFire   . . .      SeeInvis .   a - +0 hand crossbow
rCold   . . .      Faith    .   (no shield)
rNeg    . . .      Spirit   .   h - +0 leather armour
rPois   .          Reflect  .   (no helmet)
rElec   .          Harm     .   e - scarf {repulsion}
rCorr   .          Rampage  .   (no gloves)
Will    .....                   (no boots)
Stlth   ++........              (no amulet)
HPRegen 0.12/turn               (no ring)
MPRegen 0.11/turn               (no ring)

@: repel missiles
A: small, no large weapons, nightstalker 3
a: no special abilities


You were on level 3 of the Dungeon.
You visited 1 branch of the dungeon, and saw 3 of its levels.

You collected 239 gold pieces.

Inventory:

Hand Weapons
 a - a +0 hand crossbow (weapon)
Armour
 d - a +0 cloak
 e - a scarf of repulsion (worn)
 h - a +0 leather armour (worn)
Wands
 j - a wand of polymorph (3)
Scrolls
 b - 4 scrolls of identify {unknown}
 c - 3 scrolls of vulnerability
 f - a scroll of teleportation {unknown}
 g - a scroll of summoning {unknown}
 i - a scroll of enchant weapon {unknown}
 l - a scroll of brand weapon {unknown}
 n - a scroll of blinking {unknown}
Potions
 k - a potion of curing {unknown}
 m - a potion of brilliance {unknown}


   Skills:
 + Level 2.8 Fighting
 + Level 4.0 Crossbows
 + Level 3.8 Dodging
 + Level 2.4 Spellcasting
 + Level 3.8 Hexes


You had 5 spell levels left.
You knew the following spells:

 Your Spells              Type           Power      Damage    Failure   Level
a - Slow                  Hex            60%        N/A       6%          1
b - Portal Projectile     Hex/Tloc       16%        N/A       36%         3

Your spell library contained the following spells:

 Spells                   Type           Power      Damage    Failure   Level
 Inner Flame              Hex/Fire       8%         N/A       36%         3
 Cause Fear               Hex            7%         N/A       50%         4
 Fulminant Prism          Conj/Hex       4%         3d6       77%         4
 Iskenderun's Mystic Bla  Conj/Tloc      2%         2d3       95%         4
 Lee's Rapid Deconstruct  Erth           1%         3d5*      100%        5


Dungeon Overview and Level Annotations

Branches:
Dungeon (3/15)

Altars:


Innate Abilities, Weirdness & Mutations

You are small and have problems with some larger weapons.
You are completely attuned to the shadows.


Message History

You shoot a bolt. The bolt hits the jackal.
The jackal is almost dead.
The jackal barely misses you.
The jackal bites you but does no damage.
Shoot: a) +0 hand crossbow
Press: ? - help, Q - select action, (/) - cycle Shift-Dir - straight line, f/p - jackal
Aim: a jackal (almost dead, 56% to hit)
You shoot a bolt. The bolt hits the jackal.
You kill the jackal!
The orc hits you with a +0 mace.
* * * LOW HITPOINT WARNING * * *
Shoot: a) +0 hand crossbow
Press: ? - help, Q - select action, (/) - cycle Shift-Dir - straight line, f - orc
Aim: an orc, wielding a +0 mace and wearing a +0 chain mail (70% to hit)
You shoot a bolt.
The bolt hits the orc but does no damage.
The orc hits you with a +0 mace.
* * * LOW HITPOINT WARNING * * *
Shoot: a) +0 hand crossbow
Press: ? - help, Q - select action, (/) - cycle Shift-Dir - straight line, f/p - orc
Aim: an orc, wielding a +0 mace and wearing a +0 chain mail (70% to hit)
You shoot a bolt. The bolt closely misses the orc.
The bolt hits the kobold!
You kill the kobold!
The orc misses you.
Shoot: a) +0 hand crossbow
Press: ? - help, Q - select action, (/) - cycle Shift-Dir - straight line, f/p - orc
Aim: an orc, wielding a +0 mace and wearing a +0 chain mail (70% to hit)
You shoot a bolt. The bolt hits the orc.
The orc is heavily wounded.
The orc hits you with a +0 mace.
* * * LOW HITPOINT WARNING * * *
The orc closely misses you.
Shoot: a) +0 hand crossbow
Press: ? - help, Q - select action, (/) - cycle Shift-Dir - straight line, f/p - orc
Aim: an orc, wielding a +0 mace and wearing a +0 chain mail (heavily wounded, 70% to hit)
You shoot a bolt.
The bolt hits the orc but does no damage.
The orc is heavily wounded.
The orc hits you with a +0 mace.
You die...

#.# #.# #.# #.#
#.# #....# .K#
#.# #....# ..#
#.# #....# ).##
#.####.J..###J...
#.@o).......)..#
######....###.##
#....# .# #....#
.# #....# .#
######


You could see an orc.

Vanquished Creatures
  Jessica (D:2)
  An orc wizard (D:3)
  5 gnolls
  3 adders
  A worm (D:2)
  2 orcs (D:3)
  4 bats
  5 endoplasms
  4 giant cockroaches
  8 goblins
  3 hobgoblins
  3 jackals (D:3)
  4 quokkas
  4 ball pythons
  8 frilled lizards
  6 kobolds
  3 rats
65 creatures vanquished.

Notes
Turn   | Place    | Note
-------+----------+-------------------------------------------
     0 | D:1      | siradein the Kobold Arcane Marksman began the quest for the
                  | Orb.
     0 | D:1      | Reached XP level 1. HP: 12/12 MP: 2/2
     2 | D:1      | Noticed a troll
     4 | D:1      | Noticed a felid
     4 | D:1      | Noticed a gargoyle
     6 | D:1      | Noticed a dwarf
     8 | D:1      | Noticed an elf
    10 | D:1      | Noticed an ogre
    12 | D:1      | Noticed a demonspawn
    12 | D:1      | Noticed an octopode
    14 | D:1      | Noticed a vine stalker
    14 | D:1      | Noticed a ghoul
    16 | D:1      | Noticed a naga
    16 | D:1      | Noticed a vampire
    18 | D:1      | Noticed a tengu
    18 | D:1      | Noticed a human
    20 | D:1      | Noticed a minotaur
    20 | D:1      | Noticed a draconian
    22 | D:1      | Noticed a demigod
    24 | D:1      | Noticed a formicid
    24 | D:1      | Noticed a spriggan
    26 | D:1      | Noticed a merfolk
   191 | D:1      | Reached XP level 2. HP: 16/16 MP: 3/3
   304 | D:1      | Reached skill level 3 in Crossbows
   703 | D:1      | Reached XP level 3. HP: 20/20 MP: 5/5
   721 | D:1      | Learned a level 3 spell: Portal Projectile
   744 | D:1      | Found a faded altar of an unknown god.
  1176 | D:2      | Reached XP level 4. HP: 23/26 MP: 6/6
  1594 | D:2      | Noticed Jessica
  1598 | D:2      | Killed Jessica
  1623 | D:2      | Reached XP level 5. HP: 30/30 MP: 8/8
  3145 | D:3      | Reached skill level 4 in Crossbows
  3149 | D:3      | Reached XP level 6. HP: 10/36 MP: 9/9
  3153 | D:3      | HP: 1/36 [orc/+0 mace (4)]
  3154 | D:3      | Slain by an orc

Illustrated notes

Levels and vault maps discovered:
D:1:      kb_arrival_jail, layout_basic, hellmonk_ecumenical_altar_lost_god,
          minmay_3d_cube
D:2:      layout_loops_ring, item_on_display_a, uniq_jessica
D:3:      layout_basic, mainiacjoe_overflow_divided_tiny, st_stairs_10,
          minmay_cupped

Skill      XL: |  1  2  3  4  5 |
---------------+----------------+-----
Crossbows      | 3 4 |  4.0
Dodging        | 3 |  3.8
Fighting       | 2 |  2.8
Spellcasting   | 2 |  2.4
Hexes          | |  3.8

Action                   |  1- 3 |  4- 6 || total
-------------------------+-------+-------++-------
 Fire: Hand crossbow     |    59 |   121 ||   180
 Cast: Slow              |       |     3 ||     3
Armor: Robe              |     4 |       ||     4
       Leather armour    |     1 |    20 ||    21
Dodge: Dodged            |    21 |    72 ||    93
       Repelled          |       |     1 ||     1

Table legend: (Time is in decaauts)
 A = Elapsed time spent in this place.
 B = Non-inter-level travel time spent in this place.
 C = Inter-level travel time spent in this place.
 D = Time resting spent in this place.
 E = Time spent auto-exploring this place.
 F = Levels seen in this place.
 G = Mean time per level.
                   A        B        C        D        E       F      G
               +--------+--------+--------+--------+--------+-----+--------+
         Total |   3222 |   3159 |     63 |    392 |   2141 |   3 | 1074.0 |
       Dungeon |   3222 |   3159 |     63 |    392 |   2141 |   3 | 1074.0 |
               +--------+--------+--------+--------+--------+-----+--------+

Top non-repeatable levels by time:
     D:1: 1306 daAuts
     D:2: 1177 daAuts
     D:3: 737 daAuts
